[Event "Late Titled Tuesday Blitz February 8 2022"]
[White "Hoffmann, Asa"]
[Black "Punin, Andrii"]
[WhiteFideId "2001470"]
[BlackFideId "14112639"]
[WhiteElo "2117"]
[BlackElo "2357"]
[Result "0-1"]
[Round "01"]
[TimeControl "180+1"]
[Date "2022.02.09"]
[WhiteClock "0:00:01"]
[BlackClock "0:00:06"]

1. d4 Nf6 2. Bg5 d5 3. Nd2 c5 4. e3 Nc6 5. c3 Bf5 6. f4 Qb6 7. Qb3 c4 8. Qxb6 axb6 9. a3 b5 10. Rc1 Ne4 11. Nxe4 Bxe4 12. Nf3 f6 13. Bh4 e6 14. Be2 Bd6 15. O-O h6 16. Nd2 f5 17. Nf3 Bxf3 18. Bxf3 Kf7 19. g4 g6 20. gxf5 gxf5 21. Bh5+ Kf8 22. Bf6 Rg8+ 23. Kf2 Be7 24. Bxe7+ Kxe7 25. Rg1 Raf8 26. h4 Kf6 27. Rxg8 Rxg8 28. Rg1 Rxg1 29. Kxg1 Ke7 30. Kf2 Na7 31. Bd1 Nc8 32. Bc2 Nb6 33. Kg3 Kd6 34. h5 Kc7 35. Kf3 Nd7 36. Kg3 Nb6 37. Bd1 Kb8 38. Kf2 Ka7 39. Ke2 Ka6 40. Kd2 Ka5 41. Bc2 Nc8 42. Ke2 Nd6 43. Kf3 Ne8 44. Kg3 Nf6 45. Bd1 Ne4+ 46. Kf3 Nf6 47. Kf2 Kb6 48. Ke2 Nxh5 49. Kf2 Nf6 50. Kg3 Kc6 51. Kh4 Kd6 52. Bh5 Ke7 53. Bg6 b6 54. Bh5 Kf8 55. Bf3 Kg7 56. Bg2 Ng4 57. e4 Ne3 58. exd5 exd5 59. Bf3 Kg6 60. Bh5+ Kf6 61. Bf3 Kg6 62. Bh5+ Kg7 63. Bf3 Kf6 64. Bh5 Ng4 65. Be8 Nf2 66. Bxb5 Nd3 67. Bc6 Nxf4 68. Kg3 Kg5 69. Kf3 h5 70. Ba4 h4 71. b3 cxb3 72. Bxb3 h3 73. Kg3 Ne2+ 74. Kxh3 Nxc3 75. Kg3 Ne2+ 76. Kf2 Nxd4 77. Bxd5 Kf4 78. Ke1 Ke3 79. Kd1 f4 80. Kc1 Kd3 81. Kb2 f3 82. Bxf3 Nxf3 83. Kb3 Ne5 84. Kb4 Nc4 85. a4 Kd4 86. Kb5 Kc3 0-1


[Site "https://www.chess.com"]

[Event "Late Titled Tuesday Blitz February 8 2022"]
[White "Howell, David W L"]
[Black "yondaymebr"]
[WhiteFideId "410608"]
[WhiteElo "2559"]
[BlackElo "2531"]
[Result "1-0"]
[Round "01"]
[TimeControl "180+1"]
[Date "2022.02.08"]
[WhiteClock "0:00:22"]
[BlackClock "0:00:01"]

1. d4 d5 2. Bg5 Nf6 3. e3 e6 4. c4 Be7 5. Nc3 O-O 6. Nf3 h6 7. Bh4 b6 8. Rc1 Bb7 9. Bxf6 Bxf6 10. cxd5 exd5 11. b4 c5 12. bxc5 bxc5 13. dxc5 Qa5 14. Qd2 Qxc5 15. Be2 Rc8 16. Nd4 Nc6 17. Ne4 Qe7 18. Nxf6+ Qxf6 19. Nxc6 Rxc6 20. Rxc6 Bxc6 21. O-O Rb8 22. Bf3 Qb2 23. Qa5 Qb6 24. Qc3 Bb5 25. Rb1 Qd8 26. Qe5 Rb6 27. Bxd5 Bd3 28. Rxb6 Qxb6 29. h4 Qb1+ 30. Kh2 Bg6 31. h5 Bd3 32. Qe8+ Kh7 33. Bxf7 Qb2 34. Bg6+ Bxg6 35. hxg6# 1-0


[Site "https://www.chess.com"]

[Event "Late Titled Tuesday Blitz February 8 2022"]
[White "Ibarra Jerez, Jose Carlos"]
[Black "Bilan, Danila"]
[WhiteFideId "2226332"]
[BlackFideId "24161918"]
[WhiteElo "2626"]
[BlackElo "2164"]
[Result "1-0"]
[Round "01"]
[TimeControl "180+1"]
[Date "2022.02.08"]
[WhiteClock "0:00:27"]
[BlackClock "0:00:01"]

1. e4 c6 2. Nf3 d5 3. d3 Bg4 4. h3 Bxf3 5. Qxf3 e6 6. g3 Nd7 7. Bg2 g6 8. O-O Bg7 9. exd5 cxd5 10. c4 Ngf6 11. Nc3 O-O 12. Re1 Nc5 13. Bf4 d4 14. Nb5 a6 15. Bd6 axb5 16. Bxc5 bxc4 17. Bxf8 Qxf8 18. dxc4 Rb8 19. Rad1 Nd7 20. a3 Qc5 21. Qe2 Ne5 22. Bf1 d3 23. Qe4 f5 24. Qe3 Qc6 25. Bg2 Qxc4 26. f4 Nf7 27. Qxd3 Qc5+ 28. Kh2 Bxb2 29. Rxe6 Qxa3 30. Qxa3 Bxa3 31. Rd7 b5 32. Bd5 Rf8 33. Rf6 1-0


[Site "https://www.chess.com"]

[Event "Late Titled Tuesday Blitz February 8 2022"]
[White "Indjic, Aleksandar"]
[Black "Marra, Eduardo da Costa"]
[WhiteFideId "911925"]
[BlackFideId "2106990"]
[WhiteElo "2616"]
[BlackElo "2262"]
[Result "1-0"]
[Round "01"]
[TimeControl "180+1"]
[Date "2022.02.09"]
[WhiteClock "0:00:17"]
[BlackClock "0:00:13"]

1. e4 c5 2. Nf3 e6 3. b3 Nc6 4. Bb2 Nf6 5. e5 Nd5 6. Bb5 Qb6 7. a4 a6 8. Bc4 Nde7 9. O-O Nf5 10. Re1 Be7 11. Nc3 Qc7 12. Ne4 b6 13. Ng3 Nxg3 14. hxg3 Bb7 15. Bd3 h5 16. Be4 h4 17. gxh4 Bxh4 18. Qe2 O-O-O 19. a5 b5 20. Qe3 Be7 21. d4 Nb4 22. Bxb7+ Kxb7 23. c4 Qc6 24. Rac1 Rc8 25. Ba3 Na2 26. d5 exd5 27. cxd5 Qxd5 28. Rcd1 Qc6 29. Qd2 b4 30. Bb2 Rc7 31. Ba1 Nc3 32. Bxc3 bxc3 33. Qxc3 Qb5 34. Nd2 Rh4 35. Nc4 Kc8 36. Qf3 Qc6 37. Qxf7 Qh6 38. Kf1 Rh1+ 39. Ke2 Qh5+ 40. Qxh5 Rxh5 41. f4 g5 42. f5 g4 43. f6 Bf8 44. Rh1 Rf5 45. Rh8 Kb7 46. Rxf8 Kc6 47. Rd6+ Kb5 48. Rb6# 1-0


[Site "https://www.chess.com"]

[Event "Late Titled Tuesday Blitz February 8 2022"]
[White "Iskusnyh, Sergei"]
[Black "DKSystem2"]
[WhiteFideId "4120027"]
[WhiteElo "2492"]
[BlackElo "2343"]
[Result "1-0"]
[Round "01"]
[TimeControl "180+1"]
[Date "2022.02.09"]
[WhiteClock "0:01:22"]
[BlackClock "0:00:56"]

1. d4 Nc6 2. d5 Ne5 3. Nf3 Nxf3+ 4. exf3 e5 5. Nc3 Nf6 6. Be2 h6 7. O-O Bb4 8. f4 e4 9. Qd4 Bxc3 10. bxc3 d6 11. c4 c5 12. dxc6 bxc6 13. Rd1 O-O 14. Qxd6 Qa5 15. Bb2 Be6 16. Bxf6 gxf6 17. Qd4 Kg7 18. Qxe4 Qc3 19. Qd3 Qb4 20. Rab1 Qc5 21. Qg3+ Kh8 22. Qh4 Kg7 23. Rb3 Rad8 24. Rg3+ Kh7 25. Bd3+ f5 26. Rh3 1-0


[Site "https://www.chess.com"]

[Event "Late Titled Tuesday Blitz February 8 2022"]
[White "Jacobson, Aaron"]
[Black "Burke, Paul"]
[WhiteFideId "2089912"]
[BlackFideId "2605767"]
[WhiteElo "2265"]
[BlackElo "1825"]
[Result "1-0"]
[Round "01"]
[TimeControl "180+1"]
[Date "2022.02.09"]
[WhiteClock "0:00:03"]
[BlackClock "0:00:02"]

1. f3 a6 2. c3 d6 3. Qa4+ Qd7 4. Qh4 Nf6 5. Kd1 g6 6. Qe1 Bg7 7. d3 O-O 8. g4 e5 9. h4 d5 10. h5 e4 11. Qh4 Nxg4 12. fxg4 Qxg4 13. hxg6 Qxh4 14. Rxh4 fxg6 15. Ke1 exd3 16. exd3 Bf5 17. Bh6 Nc6 18. Bxg7 Kxg7 19. Rh2 Rae8+ 20. Re2 Bxd3 21. Rxe8 Rxe8+ 22. Be2 Bxe2 23. Nxe2 d4 24. Kd2 dxc3+ 25. Nbxc3 Ne5 26. b3 Nf3+ 27. Kc2 h5 28. Rf1 Ne5 29. Nf4 Ng4 30. Rg1 c6 31. Nce2 Kh6 32. Ng3 Ne3+ 33. Kd3 Nd5 34. Nxd5 cxd5 35. Ne2 Rf8 36. Ke3 g5 37. Nc3 Re8+ 38. Kd3 Rf8 39. Nxd5 Rf2 40. a4 Rf3+ 41. Kc4 b5+ 42. axb5 axb5+ 43. Kb4 Rd3 44. Ne7 g4 45. Kxb5 1-0


[Site "https://www.chess.com"]

[Event "Late Titled Tuesday Blitz February 8 2022"]
[White "Jacobson, Brandon"]
[Black "Villegas, Pierre"]
[WhiteFideId "30901561"]
[BlackFideId "654183"]
[WhiteElo "2362"]
[BlackElo "2410"]
[Result "1-0"]
[Round "01"]
[TimeControl "180+1"]
[Date "2022.02.08"]
[WhiteClock "0:00:48"]
[BlackClock "0:00:15"]

1. Nf3 d5 2. e3 Nf6 3. c4 e6 4. Nc3 c5 5. cxd5 exd5 6. d4 Nc6 7. Bb5 cxd4 8. Nxd4 Bd7 9. O-O Bd6 10. Nf3 Bg4 11. h3 Bxf3 12. Qxf3 O-O 13. Rd1 Ne5 14. Qe2 Bb4 15. Bd2 Qe7 16. Be1 Rfd8 17. Ba4 Nc6 18. a3 Bc5 19. Rac1 Bb6 20. Bxc6 bxc6 21. Na4 d4 22. Nxb6 axb6 23. Rxc6 dxe3 24. Rxd8+ Rxd8 25. Qxe3 Qd7 26. Rc1 Nd5 27. Qf3 h6 28. Rd1 Qe6 29. Bc3 Rd7 30. Qg4 f5 31. Qc4 Kf7 32. Re1 Qd6 33. Re5 Kg6 34. Qd3 1-0


[Site "https://www.chess.com"]

[Event "Late Titled Tuesday Blitz February 8 2022"]
[White "Janaszak, Dawid"]
[Black "Araujo Filho, Luiz Antonio Coel"]
[WhiteFideId "1119206"]
[BlackFideId "2130661"]
[WhiteElo "2199"]
[BlackElo "2259"]
[Result "1-0"]
[Round "01"]
[TimeControl "180+1"]
[Date "2022.02.09"]
[WhiteClock "0:01:52"]
[BlackClock "0:01:38"]

1. e4 c6 2. d4 d5 3. exd5 cxd5 4. Bd3 Nf6 5. c3 Nc6 6. Bf4 e6 7. Nf3 Be7 8. O-O O-O 9. Nbd2 a6 10. Ne5 Nxe5 11. dxe5 Nd7 12. Qh5 g6 13. Qe2 Re8 14. Nf3 Bf8 15. Bg5 Qc7 16. Qe3 Bg7 17. Rae1 b5 18. Bh6 Bb7 19. h4 Nc5 20. Bc2 Ne4 21. Bxg7 Kxg7 22. h5 b4 23. h6+ Kg8 24. Qf4 Qe7 25. Bxe4 dxe4 26. Ng5 bxc3 27. bxc3 Rac8 28. Rd1 Red8 29. Rd6 Rxc3 30. Rxd8+ Qxd8 31. Qxf7+ 1-0


[Site "https://www.chess.com"]

[Event "Late Titled Tuesday Blitz February 8 2022"]
[White "Jarocka, Liwia"]
[Black "Jaracz, Pawel"]
[WhiteFideId "21807558"]
[BlackFideId "1102222"]
[WhiteElo "1896"]
[BlackElo "2429"]
[Result "0-1"]
[Round "01"]
[TimeControl "180+1"]
[Date "2022.02.09"]
[WhiteClock "0:00:39"]
[BlackClock "0:01:06"]

1. h4 h5 2. g3 e6 3. Bg2 Ke7 4. Nf3 Ke8 5. e4 d6 6. Ke2 Nf6 7. d3 Be7 8. Bg5 c5 9. Nc3 Nc6 10. Re1 e5 11. Kf1 Bg4 12. Qd2 Qd7 13. Bxf6 Bxf6 14. Nd5 Bd8 15. Nh2 Be6 16. Ne3 g6 17. Kg1 Kf8 18. c3 Kg7 19. f4 exf4 20. gxf4 Bxh4 21. Rf1 f5 22. exf5 gxf5 23. Nf3 Bf6 24. Kf2 Rag8 25. Bh3 Kf8 26. Rg1 Rg4 27. Bxg4 fxg4 28. Ng5 Bxg5 29. fxg5 Ne5 30. Ke2 Nf3 31. Rgf1 Qc6 32. d4 Qe4 33. Qd3 Qxd3+ 34. Kxd3 Kg7 35. d5 Bd7 36. c4 Kg6 37. b4 Kxg5 38. bxc5 dxc5 39. Rab1 b6 40. Nd1 Bf5+ 0-1


[Site "https://www.chess.com"]

[Event "Late Titled Tuesday Blitz February 8 2022"]
[White "Kanyamarala, Trisha"]
[Black "Kosakowski, Jakub"]
[WhiteFideId "45004722"]
[BlackFideId "1185080"]
[WhiteElo "2002"]
[BlackElo "2476"]
[Result "0-1"]
[Round "01"]
[TimeControl "180+1"]
[Date "2022.02.09"]
[WhiteClock "0:00:05"]
[BlackClock "0:00:23"]

1. d4 d5 2. c4 c6 3. cxd5 cxd5 4. Bf4 Nf6 5. Nc3 Nc6 6. e3 Bf5 7. Qb3 Na5 8. Qa4+ Bd7 9. Qc2 e6 10. Nf3 Rc8 11. Ne5 Be7 12. Bd3 O-O 13. O-O Nc6 14. a3 h6 15. Qe2 Ne8 16. h3 Nd6 17. Bc2 Be8 18. Rad1 Nxe5 19. Bxe5 Nc4 20. Bb1 Nxe5 21. dxe5 Qa5 22. Qd3 g6 23. e4 dxe4 24. Qxe4 Bxa3 25. Qf4 Bxb2 26. Ne4 Bxe5 27. Qxh6 Bg7 28. Qh4 Qh5 29. Qe7 Bc6 30. Nd6 Rb8 31. Be4 Bxe4 32. Nxe4 Rfe8 33. Qc7 Qe5 34. Nd6 Rf8 35. Rfe1 Qf4 36. Qe7 Bf6 37. Qd7 Rbd8 38. Qc7 Be5 39. g3 Qf6 40. Ne4 Bxc7 41. Nxf6+ Kg7 42. Ne4 Rxd1 43. Rxd1 Rd8 44. Rb1 Bb6 45. Nc3 Rd2 46. Na4 Bxf2+ 47. Kf1 b6 48. Nc3 Bc5 49. Ne4 Rd4 50. Nxc5 bxc5 51. Rc1 Rd3 52. Rxc5 Rxg3 53. h4 Rg4 54. Ra5 Rxh4 55. Rxa7 g5 56. Kg2 Kg6 57. Kg3 Rb4 58. Rc7 Rb3+ 59. Kg2 g4 60. Rc8 f5 61. Rg8+ Kf6 0-1


[Site "https://www.chess.com"]

[Event "Late Titled Tuesday Blitz February 8 2022"]
[White "Karas, Marek"]
[Black "Zarubitski, Viachaslau"]
[WhiteFideId "14928558"]
[BlackFideId "13509373"]
[WhiteElo "2270"]
[BlackElo "2325"]
[Result "0-1"]
[Round "01"]
[TimeControl "180+1"]
[Date "2022.02.09"]
[WhiteClock "0:00:16"]
[BlackClock "0:00:43"]

1. d3 d6 2. Nf3 g6 3. c4 Bg7 4. Nc3 Nf6 5. g3 c5 6. Bg2 Nc6 7. O-O O-O 8. Qd2 Rb8 9. b3 a6 10. a4 Bd7 11. Bb2 Nb4 12. d4 e6 13. dxc5 dxc5 14. Ne5 Qc7 15. Nxd7 Nxd7 16. Rfd1 Rfd8 17. Qd6 Qa5 18. Qf4 Nc2 19. Rac1 Nd4 20. Qe4 Nf6 21. Qe3 Nxb3 22. Rxd8+ Rxd8 23. Rd1 Nd4 24. h3 h5 25. Kh2 Kh7 26. Ba3 b5 27. Bxc5 Nf5 28. Qc1 Rxd1 29. Nxd1 bxa4 30. Ba3 Nd4 31. e3 Ne2 32. Qc2 Qe1 33. c5 Qg1# 0-1


[Site "https://www.chess.com"]

[Event "Late Titled Tuesday Blitz February 8 2022"]
[White "Karttunen, Mika"]
[Black "Moore, Nicholas"]
[WhiteFideId "502081"]
[BlackFideId "4303709"]
[WhiteElo "2343"]
[BlackElo "2279"]
[Result "1-0"]
[Round "01"]
[TimeControl "180+1"]
[Date "2022.02.09"]
[WhiteClock "0:01:30"]
[BlackClock "0:01:31"]

1. e4 c5 2. Nf3 e6 3. d4 cxd4 4. Nxd4 Nc6 5. Nc3 Qc7 6. Be3 a6 7. Qf3 Nf6 8. O-O-O Ne5 9. Qg3 b5 10. f4 Neg4 11. e5 Nxe3 12. Qxe3 b4 13. Ncb5 axb5 14. Nxb5 Qa5 15. exf6 d5 16. Rxd5 Bd7 17. fxg7 Bxg7 18. Nd6+ Ke7 19. Nf5+ Kf8 20. Rxa5 Rxa5 21. Nxg7 Kxg7 22. Qd4+ 1-0


[Site "https://www.chess.com"]

[Event "Late Titled Tuesday Blitz February 8 2022"]
[White "Khanin, Semen"]
[Black "Aaditya Dhingra"]
[WhiteFideId "4111990"]
[BlackFideId "25678191"]
[WhiteElo "2442"]
[BlackElo "1789"]
[Result "1/2-1/2"]
[Round "01"]
[TimeControl "180+1"]
[Date "2022.02.09"]
[WhiteClock "0:00:09"]
[BlackClock "0:00:09"]

1. c4 e5 2. Nc3 Nf6 3. Nf3 Nc6 4. e4 Bb4 5. d3 d6 6. g3 Bg4 7. Bg2 Nd4 8. Qa4+ Qd7 9. Qxd7+ Nxd7 10. Nxd4 exd4 11. a3 Bxc3+ 12. bxc3 dxc3 13. f3 Be6 14. Be3 f5 15. Kd1 fxe4 16. fxe4 O-O 17. Kc2 Bg4 18. Kxc3 Bf3 19. Bxf3 Rxf3 20. Kd2 Raf8 21. Ke2 R3f7 22. a4 a5 23. Rab1 b6 24. Rhf1 Rxf1 25. Rxf1 Rxf1 26. Kxf1 Ne5 27. Ke2 Ng4 28. Bg5 Nf6 29. Bxf6 gxf6 30. d4 Kf7 31. Ke3 c6 32. Kf4 Ke6 33. d5+ cxd5 34. exd5+ Ke7 35. Kf5 Kf7 36. g4 Ke7 37. h4 Kf7 38. g5 fxg5 39. hxg5 Ke7 40. g6 h6 41. g7 Kf7 42. g8=Q+ Kxg8 43. Kg6 h5 44. Kxh5 Kf7 45. Kg5 Kg7 46. Kf5 Kf7 47. Kg5 Kg7 48. Kf5 Kf7 49. Kg5 1/2-1/2


[Site "https://www.chess.com"]

[Event "Late Titled Tuesday Blitz February 8 2022"]
[White "Khater, Sherif"]
[Black "Tang, Andrew"]
[WhiteFideId "2034280"]
[BlackFideId "2059630"]
[WhiteElo "2510"]
[BlackElo "2584"]
[Result "0-1"]
[Round "01"]
[TimeControl "180+1"]
[Date "2022.02.08"]
[WhiteClock "0:00:47"]
[BlackClock "0:00:07"]

1. b3 d5 2. Bb2 c5 3. e3 Nc6 4. Bb5 Qb6 5. Bxc6+ Qxc6 6. Nf3 Nf6 7. Ne5 Qc7 8. f4 g6 9. O-O Bg7 10. d3 Ng4 11. Qf3 O-O 12. Nd2 Nxe5 13. fxe5 Bxe5 14. Bxe5 Qxe5 15. e4 d4 16. Rae1 b5 17. Qf2 Bb7 18. Nf3 Qg7 19. Qh4 e5 20. Rf2 f6 21. Ref1 Rf7 22. g4 Raf8 23. g5 f5 24. Nd2 f4 25. Rg2 Bc8 26. Nf3 Be6 27. Qf2 Rb7 28. Kh1 Qc7 29. Rgg1 c4 30. Rc1 Rc8 31. Qd2 c3 32. Qf2 a5 33. h4 a4 34. h5 Ra7 35. hxg6 hxg6 36. Kg2 axb3 37. axb3 Ra2 38. Rh1 Bxb3 39. Qh4 Qg7 40. Nxe5 Bxc2 41. Kf3 b4 42. Nxg6 Rc7 43. Ra1 b3 44. Qh5 Bxd3 45. Nxf4 Rf7 46. g6 Rxf4+ 47. Kxf4 Qf6+ 48. Qf5 Qxf5+ 49. exf5 c2 50. f6 Bxg6 51. Kg5 Rxa1 52. Rxa1 b2 53. Ra8+ Kf7 54. Ra7+ Ke6 55. Re7+ Kd6 56. Kxg6 c1=Q 57. Kf7 Qf4 58. Re6+ Kd5 59. Rb6 d3 60. Rxb2 d2 61. Rxd2+ Qxd2 62. Kg7 Ke6 63. f7 Qg5+ 64. Kh8 Qh6+ 65. Kg8 Ke7 66. f8=Q+ Qxf8+ 67. Kh7 Qf4 0-1


[Site "https://www.chess.com"]

[Event "Late Titled Tuesday Blitz February 8 2022"]
[White "Kim, Sergey"]
[Black "Kalajzic, Ivan"]
[WhiteFideId "13700570"]
[BlackFideId "14506378"]
[WhiteElo "2602"]
[BlackElo "2163"]
[Result "1-0"]
[Round "01"]
[TimeControl "180+1"]
[Date "2022.02.09"]
[WhiteClock "0:00:49"]
[BlackClock "0:00:23"]

1. d4 Nc6 2. c4 e5 3. d5 Nce7 4. Nc3 f6 5. d6 Ng6 6. dxc7 Qxc7 7. e4 Bb4 8. Qd3 N8e7 9. Ne2 O-O 10. Bd2 b6 11. Nd5 Bxd2+ 12. Qxd2 Qxc4 13. Ng3 Qc5 14. Rc1 Qd6 15. Bc4 Kh8 16. O-O Bb7 17. Rfd1 Nc6 18. Nf5 Qb8 19. Qe3 Nf4 20. Qg3 g6 21. Nh4 Na5 22. Nxf4 exf4 23. Qh3 Nxc4 24. Nxg6+ Kg7 25. Nxf8 Kxf8 26. Rxc4 1-0


[Site "https://www.chess.com"]

[Event "Late Titled Tuesday Blitz February 8 2022"]
[White "Kirillov, Dmitry"]
[Black "Sjugirov, Sanan"]
[WhiteFideId "34180572"]
[BlackFideId "4189302"]
[WhiteElo "2076"]
[BlackElo "2602"]
[Result "0-1"]
[Round "01"]
[TimeControl "180+1"]
[Date "2022.02.08"]
[WhiteClock "0:00:12"]
[BlackClock "0:00:09"]

1. d4 Nf6 2. c4 e6 3. Nf3 d5 4. e3 a6 5. b3 b6 6. Bb2 Bb7 7. cxd5 exd5 8. Nc3 Bd6 9. g3 Nbd7 10. Bg2 Qe7 11. O-O Ne4 12. Ne1 h5 13. Nf3 O-O-O 14. Qc2 Kb8 15. Rfc1 g5 16. h4 f6 17. a4 Rdg8 18. a5 b5 19. Nxb5 axb5 20. a6 Ba8 21. a7+ Kc8 22. Ra6 Kd8 23. hxg5 Nxg5 24. Nh4 Ke8 25. Nf5 Qe6 26. Nxd6+ cxd6 27. Qc7 Nf7 28. Ba3 Ke7 29. Rcc6 Bxc6 30. Rxc6 Ra8 31. Rb6 h4 32. Rb7 hxg3 33. fxg3 Qxe3+ 34. Kf1 Qe6 35. Bxd5 Qxd5 36. Qxd7+ Kf8 37. Qxf7+ Qxf7 38. Bxd6+ Kg8 39. Rxf7 Kxf7 40. Bc5 Rhc8 41. Kf2 Rxc5 42. dxc5 Rxa7 43. Ke3 Ke6 44. Kd4 Rd7+ 45. Kc3 Kd5 46. Kb4 Kc6 47. Ka5 Rd4 48. b4 Rg4 49. Ka6 Rxg3 50. Ka7 f5 51. Kb8 f4 52. Kc8 f3 53. Kb8 f2 54. Ka7 f1=Q 0-1


[Site "https://www.chess.com"]

[Event "Late Titled Tuesday Blitz February 8 2022"]
[White "Kobalia, Mikhail"]
[Black "Urbina Perez, Juan Antonio"]
[WhiteFideId "4119150"]
[BlackFideId "2217368"]
[WhiteElo "2667"]
[BlackElo "2192"]
[Result "1-0"]
[Round "01"]
[TimeControl "180+1"]
[Date "2022.02.09"]
[WhiteClock "0:01:19"]
[BlackClock "0:00:08"]

1. e4 c6 2. d4 d5 3. exd5 cxd5 4. Bd3 Nc6 5. c3 Nf6 6. h3 g6 7. Nf3 Bg7 8. Bf4 O-O 9. Nbd2 Bf5 10. Bxf5 gxf5 11. g4 fxg4 12. hxg4 Ne4 13. Qc2 f5 14. gxf5 Rxf5 15. Nxe4 dxe4 16. Qxe4 Qd5 17. Qxd5+ Rxd5 18. Rg1 Kh8 19. Ke2 Rf8 20. Be3 Rdf5 21. Ng5 e5 22. Ne6 R8f7 23. d5 Ne7 24. d6 Nc6 25. Rad1 Bf6 26. d7 Nd8 27. Nxd8 Bxd8 28. Bxa7 Re7 29. Bb6 Rf8 30. Bc5 1-0


[Site "https://www.chess.com"]

[Event "Late Titled Tuesday Blitz February 8 2022"]
[White "Kopylov, Alexander A."]
[Black "Bambino Filho, Antonio Carlos"]
[WhiteFideId "4164857"]
[BlackFideId "2113163"]
[WhiteElo "2436"]
[BlackElo "2442"]
[Result "1-0"]
[Round "01"]
[TimeControl "180+1"]
[Date "2022.02.09"]
[WhiteClock "0:01:30"]
[BlackClock "0:00:45"]

1. e4 c5 2. Nf3 d6 3. d4 cxd4 4. Nxd4 Nf6 5. f3 e5 6. Nb3 d5 7. exd5 Qxd5 8. Nc3 Qxd1+ 9. Nxd1 Nc6 10. Bg5 Be7 11. Ne3 Be6 12. Bc4 Bxc4 13. Nxc4 O-O-O 14. c3 h6 15. Bh4 g5 16. Bf2 e4 17. Nd4 exf3 18. Nxc6 bxc6 19. gxf3 Nd5 20. O-O-O Kb7 21. Rhe1 Bf6 22. Na5+ Kc7 23. Bg3+ Nf4 24. Re4 Rd5 25. Rxd5 cxd5 26. Rb4 Be5 27. Rb7+ Kd6 28. Kd2 f5 29. Rxa7 h5 30. Ra6+ Kd7 31. Nc6 Bd6 32. Nd4 h4 33. Ra7+ Kc8 34. Ra8+ Bb8 35. Bxf4 gxf4 36. Nc6 1-0


[Site "https://www.chess.com"]

[Event "Late Titled Tuesday Blitz February 8 2022"]
[White "Kostiukov, Alexandr"]
[Black "Fishbein, Alexander"]
[WhiteFideId "14108100"]
[BlackFideId "2000377"]
[WhiteElo "2202"]
[BlackElo "2442"]
[Result "0-1"]
[Round "01"]
[TimeControl "180+1"]
[Date "2022.02.09"]
[WhiteClock "0:00:09"]
[BlackClock "0:00:19"]

1. g3 g6 2. Bg2 Bg7 3. c4 Nf6 4. Nf3 d6 5. O-O O-O 6. d4 Nc6 7. Nc3 e5 8. d5 Nb8 9. e4 a5 10. Ne1 Na6 11. Nd3 Nd7 12. Be3 Ndc5 13. Nxc5 Nxc5 14. Bxc5 dxc5 15. Qd2 f5 16. f3 f4 17. Rad1 h5 18. d6 Be6 19. dxc7 Qd4+ 20. Qxd4 cxd4 21. Nd5 Kf7 22. gxf4 exf4 23. Nxf4 Bxc4 24. Rfe1 Be5 25. Nd5 Bxd5 26. exd5 Bxc7 27. Bh3 Rfe8 28. Be6+ Kf6 29. Kg2 Bb6 30. Re4 a4 31. h4 Re7 32. f4 Ra5 33. Kf3 Rb5 34. Rd2 Ba5 35. Rg2 d3 36. f5 gxf5 37. Rf4 Ke5 38. Rxf5+ Kd6 39. Rxh5 d2 40. Rg1 Rxb2 41. Rh6 Kc5 42. Rd1 Rc2 43. Rh8 Rc1 44. Rc8+ Bc7 45. Rxc7+ Rxc7 46. Rxd2 Kd6 47. Rh2 R1c3+ 48. Kg4 R7c4+ 49. Kg5 Rc2 50. h5 Rxh2 0-1


[Site "https://www.chess.com"]

[Event "Late Titled Tuesday Blitz February 8 2022"]
[White "Koziorowicz, Michal"]
[Black "Petersson, Kjell"]
[WhiteFideId "21809194"]
[BlackFideId "1705148"]
[WhiteElo "2166"]
[BlackElo "2009"]
[Result "1-0"]
[Round "01"]
[TimeControl "180+1"]
[Date "2022.02.09"]
[WhiteClock "0:01:12"]
[BlackClock "0:00:06"]

1. e4 c5 2. Nf3 d6 3. a3 Nf6 4. Nc3 Nc6 5. Bc4 g6 6. O-O Bg7 7. Re1 O-O 8. d3 a6 9. Bg5 b5 10. Ba2 Bb7 11. Nd5 Nxd5 12. exd5 Ne5 13. Nxe5 Bxe5 14. c3 Bg7 15. Bxe7 Qd7 16. Bxf8 Rxf8 17. a4 b4 18. Qd2 a5 19. Bc4 Qf5 20. cxb4 cxb4 21. Re7 Bxd5 22. Rae1 Bd4 23. Re8 Bxc4 24. dxc4 Be5 25. Rxf8+ Kxf8 26. h3 Qf6 27. Re2 Kg8 28. b3 Qf5 29. Qc2 Qf4 30. g3 Qd4 31. Re4 Qa1+ 32. Kh2 Qf1 33. Qe2 Qb1 34. Re3 Qa1 35. c5 Bd4 36. cxd6 Bxe3 37. Qxe3 Qd1 38. Qe8+ Kg7 39. d7 Qd2 40. Qe5+ Kh6 41. Qe3+ 1-0


[Site "https://www.chess.com"]

[Event "Late Titled Tuesday Blitz February 8 2022"]
[White "Kravtsiv, Martyn"]
[Black "Hamley, Ryan"]
[WhiteFideId "14113147"]
[BlackFideId "30959497"]
[WhiteElo "2694"]
[BlackElo "2473"]
[Result "1-0"]
[Round "01"]
[TimeControl "180+1"]
[Date "2022.02.08"]
[WhiteClock "0:00:38"]
[BlackClock "0:00:17"]

1. e4 c6 2. Nf3 d5 3. d3 dxe4 4. dxe4 Qxd1+ 5. Kxd1 g6 6. Nbd2 Bg7 7. Nc4 Nf6 8. Bd3 O-O 9. Ke2 Nbd7 10. Be3 Ng4 11. Bg5 Re8 12. c3 b5 13. Na5 Nge5 14. Bc2 Nxf3 15. gxf3 c5 16. Rad1 Ne5 17. Rd5 Be6 18. Rxc5 a6 19. Bb3 Bh3 20. Rg1 Nd7 21. Rd5 Nb6 22. Rd2 Rac8 23. Be3 Nc4 24. Nxc4 bxc4 25. Ba4 Red8 26. Rgd1 Rxd2+ 27. Rxd2 h5 28. Bd7 Bxd7 29. Rxd7 Rb8 30. Bc1 Bf6 31. h3 g5 32. Rc7 Kh7 33. Rxc4 Kg6 34. Rc6 e6 35. Rxa6 Rb5 36. a4 Rb3 37. Rc6 Bd8 38. Kd3 Rb7 39. b4 Kf6 40. a5 Ke5 41. a6 Rd7+ 42. Ke2 f5 43. Be3 fxe4 44. a7 exf3+ 45. Kxf3 1-0


[Site "https://www.chess.com"]

[Event "Late Titled Tuesday Blitz February 8 2022"]
[White "Krsnik Cohar, Ivan Vihor"]
[Black "Bugayev, Vladimir"]
[WhiteFideId "14520044"]
[BlackFideId "30901480"]
[WhiteElo "2414"]
[BlackElo "2369"]
[Result "1-0"]
[Round "01"]
[TimeControl "180+1"]
[Date "2022.02.09"]
[WhiteClock "0:01:12"]
[BlackClock "0:00:37"]

1. d4 Nf6 2. Bg5 d5 3. Nd2 c6 4. c3 g6 5. e3 Bg7 6. Bd3 h6 7. Bh4 Bf5 8. Bxf5 gxf5 9. Bxf6 Bxf6 10. f4 e6 11. Ngf3 Nd7 12. O-O Nb6 13. a4 Nc8 14. Ne5 Nd6 15. Qh5 Qe7 16. a5 a6 17. b4 O-O-O 18. Nb3 Bxe5 19. fxe5 Ne4 20. Rac1 Rdg8 21. Nc5 Nd2 22. Rf2 Nc4 23. Qe2 Qg5 24. Re1 Rg6 25. e4 fxe4 26. Nxe4 Qe7 27. Ref1 Rh7 28. Nf6 Rhg7 29. Nh5 Rh7 30. Qd3 Qh4 31. Nf4 Rhg7 32. Nxg6 Rxg6 33. Rxf7 Rg8 34. Rf8+ Rxf8 35. Rxf8+ Kd7 36. Qh7+ 1-0


[Site "https://www.chess.com"]

[Event "Late Titled Tuesday Blitz February 8 2022"]
[White "Krstulovic, Alex"]
[Black "Djordjevic, Dejan N"]
[WhiteFideId "760056"]
[BlackFideId "913316"]
[WhiteElo "2193"]
[BlackElo "2262"]
[Result "1-0"]
[Round "01"]
[TimeControl "180+1"]
[Date "2022.02.09"]
[WhiteClock "0:00:04"]
[BlackClock "0:00:01"]

1. Nc3 Nf6 2. g4 Nxg4 3. e4 Ne5 4. d4 Nec6 5. d5 Ne5 6. f4 Ng6 7. Nf3 e6 8. h4 h5 9. Be3 Be7 10. Ng5 exd5 11. Nxd5 d6 12. Bc4 Bxg5 13. hxg5 h4 14. Qd4 Kf8 15. f5 Ne5 16. O-O-O Nbc6 17. Qc3 a6 18. Bb3 Bd7 19. f6 g6 20. Nf4 Rh7 21. Bd4 Nxd4 22. Qxd4 Bc6 23. Qe3 Rc8 24. Bxf7 Kxf7 25. Qb3+ d5 26. exd5 Bb5 27. Rhe1 Qd6 28. Qe3 Re8 29. Ne6 h3 30. Rh1 h2 31. Qg3 Nd3+ 32. Rxd3 Bxd3 33. Qxd3 Rh5 34. c4 c6 35. Qe4 cxd5 36. cxd5 Rc8+ 37. Kb1 Re8 38. Rc1 b5 39. Qg4 h1=Q 40. Rxh1 Rxh1+ 41. Kc2 Qxd5 42. Nf4 Qc4+ 43. Kd2 Rd8+ 44. Ke3 Rd3+ 45. Nxd3 Qxg4 46. Ne5+ Ke6 47. Nxg4 Rg1 48. Kf4 Rb1 49. Ne3 Rxb2 50. a3 Rb3 51. Nc2 Rd3 52. Ke4 Rg3 53. Nd4+ Kf7 54. Kf4 Rxa3 55. Nf3 Ra4+ 56. Ke5 1-0


[Site "https://www.chess.com"]